 Dungeon Crawl Stone Soup version 0.30-a0-4-ga7cffc901d (webtiles) character file.

Game seed: 1004484922925219876

667287 wingedge the Ruinous (level 27, 0/172 HPs)
             Began as a Tengu Conjurer on Aug 20, 2022.
             Was an Initiate of Gozag.
             Engulfed by Oseykhya the pandemonium lord's freezing vapour (2 damage)
             ... in Pandemonium on Aug 21, 2022.
             The game lasted 10:54:22 (105451 turns).

wingedge the Ruinous (Tengu Conjurer)             Turns: 105451, Time: 10:54:22

Health: 0/172      AC: 34    Str: 25    XL:     27
Magic:  14/43      EV: 15    Int: 22    God:    Gozag
Gold:   2401       SH: 31    Dex: 17    Spells: 0/56 levels left

rFire   . . .      SeeInvis +    a - staff of conjuration
rCold   + + +      Faith    .    q - +18 shield of the Gong {rElec rN+ Will+ EV-5}
rNeg    + + +      Spirit   .    x - +11 chain mail of the Swamp {Rampage +Inv Str+5 Int-4}
rPois   +          Reflect  .    t - +0 hat of the Lost Ghosts {Harm rCorr Str+3}
rElec   +          Harm     +    S - +2 cloak {rPois}
rCorr   +          Rampage  +    Y - +0 pair of fencer's gloves {Riposte Dex+3}
Will    +++..                    (boots unavailable)
Stlth   +.........               i - amulet "Wiete" {+Inv Regen+ Stlth+}
HPRegen 0.38/turn                K - ring "Vecuymu" {rC+ rN+ Str+4 Int-2 Slay+2 SInv}
MPRegen 0.28/turn                e - ring "Benuk" {rC++ rN+}

@: frozen, gold aura, flying quickly and evasively, very slightly contaminated,
hasted, studying 2 skills, quick
A: beak, talons 3, nimble flight, iridescent scales 1, strong 1
}: 5/15 runes: serpentine, barnacled, slimy, silver, abyssal
a: Renounce Religion, Evoke Invisibility, Potion Petition, Call Merchant, Bribe
Branch


You were in Pandemonium.
You worshipped Gozag.
Gozag was most pleased with you.
You visited 10 branches of the dungeon, and saw 48 of its levels.
You visited Pandemonium 1 time, and saw 1 of its levels.
You visited the Abyss 5 times.
You visited 1 ziggurat, and saw 15 of its levels.
You also visited: Gauntlet, Ice Cave and Volcano.

You collected 32359 gold pieces.
You spent 13129 gold pieces at shops.
You paid 16829 gold pieces to Gozag.

Inventory:

Hand Weapons
 b - the +7 Singing Sword {vorpal, sonic wave}
   (You found it on level 5 of the Pits of Slime)

   It inflicts extra damage upon your enemies.
   It radiates damaging sonic waves as it strikes, especially in combat
   involving dangerous or numerous foes.
 h - a +9 eudemon blade of holy wrath
 m - the +11 rapier of the Big Fish {antimagic, rElec rF++ rCorr Dex-3}
   (You found it on level 10 of the Dungeon)

   It reduces the magical energy of the wielder, and disrupts the spells and
   magical abilities of those it strikes.
   Natural abilities and divine invocations are not affected.
   Dex:       It affects your dexterity (-3).
   rF:        It greatly protects you from fire.
   rElec:     It insulates you from electricity.
   rCorr:     It protects you from acid and corrosion.
Missiles
 I - 8 throwing nets (quivered)
Armour
 q - the +18 shield of the Gong (worn) {rElec rN+ Will+ EV-5}
   (You found it on level 5 of the Pits of Slime)

   It is deafeningly noisy when blocking attacks.
   EV:        It affects your evasion (-5).
   rElec:     It insulates you from electricity.
   rN:        It protects you from negative energy.
   Will:      It increases your willpower.
 t - the +0 hat of the Lost Ghosts (worn) {Harm rCorr Str+3}
   (You acquired it on level 9 of the Dungeon)

   Str:       It affects your strength (+3).
   rCorr:     It protects you from acid and corrosion.
   Harm:      It increases damage dealt and taken.
 x - the +11 chain mail of the Swamp (worn) {Rampage +Inv Str+5 Int-4}
   (You bought it in a shop on level 2 of the Elven Halls)

   Str:       It affects your strength (+5).
   Int:       It affects your intelligence (-4).
   +Inv:      It lets you turn invisible.
   Rampage:   It bestows one free step when moving towards enemies.
 z - the +7 faerie dragon scales {rF++ rCorr}
   (You took it off the Enchantress on level 1 of the Depths)

   rF:        It greatly protects you from fire.
   rCorr:     It protects you from acid and corrosion.
 P - a scarf of repulsion
 S - a +2 cloak of poison resistance (worn)
 Y - the +0 pair of fencer's gloves (worn) {Riposte Dex+3}
   (You found it in a Gauntlet)

   It allows the wearer to riposte with melee weapons, swiftly retaliating
   against missed or blocked melee attacks.
   Dex:       It affects your dexterity (+3).
Magical Staves
 a - a staff of conjuration (weapon)
 d - a staff of fire
Jewellery
 e - the ring "Benuk" (right hand) {rC++ rN+}
   (You found it on level 5 of the Pits of Slime)

   [ring of positive energy]

   rC:        It greatly protects you from cold.
   rN:        It protects you from negative energy.
 i - the amulet "Wiete" (around neck) {+Inv Regen+ Stlth+}
   (You bought it in a shop on level 5 of the Lair of Beasts)

   [amulet of regeneration]

   +Inv:      It lets you turn invisible.
   Regen:     It increases your rate of health regeneration.
   Stlth:     It makes you more stealthy.
 j - the amulet "Pabro" {Faith Will+++ rCorr MP-9 Dex-3}
   (You bought it in a shop on level 5 of the Lair of Beasts)

   [amulet of faith]

   It allows you to gain divine favour quickly.
   Dex:       It affects your dexterity (-3).
   MP:        It affects your magic capacity (-9).
   rCorr:     It protects you from acid and corrosion.
   Will:      It greatly increases your willpower.
 k - the amulet "Beegho" {Acrobat Harm Will+}
   (You found it on level 11 of a ziggurat)

   [amulet of the acrobat]

   It increases your evasion while moving and waiting.
   Harm:      It increases damage dealt and taken.
   Will:      It increases your willpower.
 r - the ring "Vaecluxt" {rN+ Str-5 Int+6 Dex+7 Stlth-}
   (You found it on level 13 of a ziggurat)

   [ring of intelligence]

   Str:       It affects your strength (-5).
   Int:       It affects your intelligence (+6).
   Dex:       It affects your dexterity (+7).
   rN:        It protects you from negative energy.
   Stlth:     It makes you less stealthy.
 B - the amulet of Meocvoeps {Reflect Rampage +Inv Str+4 SH+5}
   (You found it on level 8 of a ziggurat)

   [amulet of reflection]

   It reflects blocked missile attacks.
   Str:       It affects your strength (+4).
   +Inv:      It lets you turn invisible.
   SH:        It affects your SH (+5).
   Rampage:   It bestows one free step when moving towards enemies.
 F - the ring "Zahuw" {rPois rN+ Will- Int+4}
   (You bought it in a shop on level 5 of the Lair of Beasts)

   [ring of positive energy]

   Int:       It affects your intelligence (+4).
   rPois:     It protects you from poison.
   rN:        It protects you from negative energy.
   Will:      It decreases your willpower.
 K - the ring "Vecuymu" (left hand) {rC+ rN+ Str+4 Int-2 Slay+2 SInv}
   (You found it on level 1 of the Lair of Beasts)

   [ring of positive energy]

   Str:       It affects your strength (+4).
   Int:       It affects your intelligence (-2).
   Slay:      It affects your accuracy & damage with ranged weapons and melee
   (+2).
   rC:        It protects you from cold.
   rN:        It protects you from negative energy.
   SInv:      It lets you see invisible.
 L - the ring "Ypniehil" {rF++ rN+}
   (You found it on level 14 of a ziggurat)

   [ring of positive energy]

   rF:        It greatly protects you from fire.
   rN:        It protects you from negative energy.
 W - the ring "Zaecymez" {rF+ Str+6 Int+5}
   (You bought it in a shop on level 2 of the Elven Halls)

   [ring of strength]

   Str:       It affects your strength (+6).
   Int:       It affects your intelligence (+5).
   rF:        It protects you from fire.
Wands
 w - a wand of quicksilver (15)
 T - a wand of mindburst (53)
 Z - a wand of digging (16)
Scrolls
 c - 9 scrolls of blinking
 l - 9 scrolls of magic mapping
 u - 3 scrolls of enchant weapon
 v - 13 scrolls of fear
 A - 4 scrolls of summoning
 E - 9 scrolls of silence
 H - 19 scrolls of teleportation
 Q - a scroll of acquirement
 R - 7 scrolls of enchant armour
 V - 6 scrolls of amnesia
Potions
 f - 5 potions of invisibility
 o - 13 potions of might
 s - 8 potions of brilliance
 C - 4 potions of ambrosia
 G - 4 potions of haste
 J - 3 potions of cancellation
 M - 3 potions of berserk rage
 N - 3 potions of resistance
 O - 10 potions of mutation
Miscellaneous
 n - a phial of floods
 y - a box of beasts
 D - a phantom mirror
 U - a condenser vane
 X - a tin of tremorstones (2/2)


   Skills:
 + Level 17.2 Fighting
 - Level 2.8(8.1) Short Blades
 - Level 11.8(12.0) Long Blades
 - Level 12.0 Staves
 - Level 20.0 Armour
 - Level 17.0 Dodging
 - Level 4.0 Stealth
 - Level 13.0 Shields
 - Level 15.0 Spellcasting
 - Level 25.0 Conjurations
 - Level 5.0 Hexes
 - Level 20.0 Summonings
 - Level 19.0 Necromancy
 - Level 5.0 Translocations
 - Level 7.0 Transmutations
 - Level 18.0 Fire Magic
 - Level 5.0 Ice Magic
 - Level 10.0 Air Magic
 - Level 3.0 Poison Magic
 - Level 14.0 Evocations


You couldn't memorise any spells.
You knew the following spells:

 Your Spells              Type           Power      Damage    Failure   Level
a - Irradiate             Conj/Tmut      46%        3d27      1%          5
b - Borgnjor's Revivific  Necr           39%        N/A       52%         8
c - Sublimation of Blood  Necr           79%        N/A       0%          2
d - Spellforged Servitor  Conj/Summ      53%        N/A       1%          7
e - Fulminant Prism       Conj/Hex       44%        3d20      1%          4
f - Fireball              Conj/Fire      52%        3d20      1%          5
g - Starburst             Conj/Fire      52%        6d14      1%          6
h - Freezing Cloud        Conj/Ice/Air   42%        6-21      2%          5
j - Monstrous Menagerie   Summ           40%        N/A       4%          7
o - Orb of Destruction    Conj           56%        9d14      1%          7

Your spell library contained the following spells:

 Spells                   Type           Power      Damage    Failure   Level
 Foxfire                  Conj/Fire      100%       2x1d9     0%          1
 Magic Dart               Conj           100%       1d8       0%          1
 Necrotise                Necr           100%       1d9       0%          1
 Shock                    Conj/Air       100%       1d9       0%          1
 Call Imp                 Summ           81%        N/A       0%          2
 Searing Ray              Conj           100%       2d8       0%          2
 Conjure Flame            Conj/Fire      100%       6-21      0%          3
 Beastly Appendage        Tmut           94%        N/A       1%          1
 Static Discharge         Conj/Air       96%        3-15/arc  1%          2
 Wereblood                Tmut           47%        N/A       1%          2
 Dazzling Flash           Conj/Hex       100%       N/A       1%          3
 Ignite Poison            Fire/Tmut/Pois 55%        N/A       1%          3
 Inner Flame              Hex/Fire       61%        N/A       1%          3
 Mephitic Cloud           Conj/Pois/Air  83%        N/A       1%          3
 Summon Guardian Golem    Hex/Summ       64%        N/A       1%          3
 Swiftness                Air            57%        N/A       1%          3
 Vampiric Draining        Necr           79%        2d11      1%          3
 Dispel Undead            Necr           79%        3d26      1%          4
 Flame Wave               Conj/Fire      100%       2d21      1%          4
 Iskenderun's Mystic Bla  Conj/Tloc      89%        2d17      1%          4
 Sticky Flame             Conj/Fire      100%       2d11      1%          4
 Summon Ice Beast         Ice/Summ       64%        N/A       1%          4
 Summon Lightning Spire   Summ/Air       70%        N/A       1%          4
 Agony                    Necr           79%        N/A       1%          5
 Lightning Bolt           Conj/Air       48%        1d68      1%          5
 Death Channel            Necr           39%        N/A       1%          6
 Apportation              Tloc           76%        N/A       2%          1
 Sting                    Tmut/Pois      100%       1d8       2%          1
 Poisonous Vapours        Pois/Air       90%        N/A       2%          2
 Conjure Ball Lightning   Conj/Air       48%        3x3d17    2%          6
 Airstrike                Air            28%        2d(5-21)  3%          4
 Animate Armour           Summ/Erth      100%       N/A       3%          4
 Summon Forest            Summ/Tloc      32%        N/A       3%          5
 Summon Mana Viper        Hex/Summ       64%        N/A       3%          5
 Blink                    Tloc           76%        N/A       4%          2
 Summon Hydra             Summ           40%        N/A       4%          7
 Haunt                    Necr/Summ      40%        N/A       6%          7
 Confusing Touch          Hex            38%        N/A       9%          3
 Frozen Ramparts          Ice            76%        1d12      9%          3
 Gell's Gravitas          Tloc           38%        N/A       9%          3
 Lesser Beckoning         Tloc           38%        N/A       9%          3
 Ozocubu's Armour         Ice            38%        N/A       9%          3
 Portal Projectile        Hex/Tloc       76%        N/A       9%          3
 Spider Form              Tmut/Pois      38%        N/A       9%          3
 Teleport Other           Tloc           38%        N/A       9%          3
 Tukima's Dance           Hex            38%        N/A       9%          3
 Borgnjor's Vile Clutch   Necr/Erth      27%        N/A       12%         5
 Ice Form                 Ice/Tmut       42%        N/A       19%         4
 Iron Shot                Conj/Erth      41%        9d8       21%         6
 Cause Fear               Hex            19%        N/A       28%         4
 Passage of Golubria      Tloc           38%        N/A       28%         4
 Silence                  Hex/Air        24%        N/A       28%         5
 Blade Hands              Tmut           23%        N/A       34%         5
 Petrify                  Tmut/Erth      31%        N/A       45%         4
 Yara's Violent Unravell  Hex/Tmut       21%        3d10      45%         5
 Olgreb's Toxic Radiance  Pois           29%        N/A       54%         4
 Leda's Liquefaction      Hex/Erth       13%        N/A       61%         4
 Alistair's Intoxication  Tmut/Pois      25%        N/A       61%         5
 Manifold Assault         Tloc           38%        N/A       61%         5
 Metabolic Englaciation   Hex/Ice        19%        N/A       61%         5
 Ignition                 Fire           38%        3d11      65%         8
 Malign Gateway           Summ/Tloc      32%        N/A       73%         7
 Fire Storm               Conj/Fire      52%        8d13      97%         9
 Lee's Rapid Deconstruct  Erth           8%         3d8*      99%         5
 Dispersal                Tloc           19%        N/A       99%         6
 Eringya's Noxious Bog    Tmut/Pois      19%        N/A       99%         6
 Storm Form               Tmut/Air       26%        N/A       99%         7
 Statue Form              Tmut/Erth      20%        N/A       100%        6
 Enfeeble                 Hex            19%        N/A       100%        7
 Ozocubu's Refrigeration  Ice            19%        4d11      100%        7
 Discord                  Hex            19%        N/A       100%        8
 Disjunction              Tloc           19%        N/A       100%        8
 Maxwell's Capacitive Co  Air            28%        ∞         100%        8
 Necromutation            Tmut/Necr      32%        N/A       100%        8
 Death's Door             Necr           39%        N/A       100%        9
 Polar Vortex             Ice            19%        N/A       100%        9
 Shatter                  Erth           8%         3d10*     100%        9
 Animate Dead             Necr           Unusable   N/A       N/A         4
 Simulacrum               Ice/Necr       Unusable   N/A       N/A         6

Dungeon Overview and Level Annotations

Branches:
Dungeon (15/15)            Temple (1/1) D:5            Lair (5/5) D:11
 Shoals (4/4) Lair:3        Snake (4/4) Lair:3        Slime (5/5) Lair:5
    Orc (2/2) D:11            Elf (3/3) Orc:2        Vaults (5/5) D:14
  Crypt (0/3) Vaults:2     Depths (4/4) D:15            Zot (0/5) Depths:4
  IceCv (visited)         Volcano (visited)         Gauntlet (visited)

Altars:
Ashenzari
Cheibriados
Dithmenos
Elyvilon
Fedhas
Gozag
Hepliaklqana
Kikubaaqudgha
Makhleb
Nemelex Xobeh
Okawaru
Qazlal
Ru
Sif Muna
Trog
Uskayaw
Vehumet
Wu Jian
Xom
Yredelemnul
Zin
The Shining One
Jiyva

Shops:
D:8 *   D:10 !   D:14 ::   Orc:2 ![*?   Elf:2 ([(=   Lair:5 =   Shoals:4 :
Snake:2 *   Vaults:3 *   Depths:2 !   Depths:3 :=:

Portals:
Hell: Depths:1 Depths:2 Depths:3 Depths:4
Abyss: Depths:1 Depths:3
Pandemonium: Depths:2
Trove: Depths:1 (give 2 scrolls of acquirement)


Innate Abilities, Weirdness & Mutations

You have a beak for a mouth.
You have claws for feet.
Your magical nature lets you fly swiftly and evasively.
You are partially covered in iridescent scales. (AC +2)
Your muscles are strong. (Str +4, Int/Dex -1)


Message History

Confirm with . or Enter, or press ? or * to list all spells.
Aiming: Orb of Destruction (mildly dangerous; 1% risk of failure)
Press: ? - help, Shift-Dir - straight line, f - Oseykhya
Aim: Oseykhya, armed with a flaming touch (freezing vapour, heavily wounded, slightly transparent)
You feel a surge of power!
The smoke demon is no longer distracted by gold.
Oseykhya is engulfed in freezing vapours.
The demonic crawler hits you! You block the demonic crawler's attack.
GONNNNG!
You block the demonic crawler's attack.
GONNNNG!
You hear a shout!
Unknown command.
The ice encasing you melts away.
Oseykhya is engulfed in freezing vapours.
The orb of destruction hits Oseykhya!!!
Oseykhya is almost dead.
A cacodemon comes into view.
The smoke demon is distracted by your dazzling golden aura.
Oseykhya gestures at you.
Oseykhya conjures a mighty blast of ice!
The great icy blast engulfs you!!! You partially resist.
* * * LOW HITPOINT WARNING * * *
You are encased in ice.
The great icy blast engulfs the demonic crawler!!!!
The demonic crawler partially resists.
The demonic crawler dies!
The great icy blast engulfs the ynoxinul!!!
The ynoxinul partially resists.
The ynoxinul dies!
The smoke demon roars!
Unknown command.
Okay, then.
Casting: Orb of Destruction (mildly dangerous; 1% risk of failure)
Confirm with . or Enter, or press ? or * to list all spells.
The spell is quite dangerous to miscast (52% risk of failure)!
Continue anyway?
You miscast Borgnjor's Revivification.
You are very lightly contaminated with residual magic.
Nothing appears to happen.
You are engulfed in freezing vapours.
You resist.
You die...
Your body crumbles into a pile of gold.

.###..$...$)...#.####
...#.....$$...$.....#
...$.3☼§§....$.......
..$..§§*§§$...$......
....§○☼§§§§9.○.......
...§§☼§§§☼§..$....$..
#§○°§☼&§☼§§§...$....
##°°○○○°○○#.$.$....
#..##@§###...$$$..
### #§§§§..$.....
$§§§§§...3..○
..§§§§§§....$.
.#.○☼☼☼§○$.
.##......... #.
.........2 #
..........


You could see Oseykhya (invisible), a cacodemon, a smoke demon (ally target) and
a friendly spellforged servitor (summoned).

Vanquished Creatures
  the Royal Jelly (Slime:5)
  6 dread liches
  Mara (Depths:2)
  Bai Suzhen (Depths:2)
  Margery (Vaults:3)
  A shard shrike (Zig:15)
  Saint Roka (Vaults:3)
  2 golden dragons (Depths:2)
  5 caustic shrikes
  the Enchantress (Depths:1)
  A profane servitor (Abyss:4)
  Jory (Vaults:3)
  5 bone dragons
  A pearl dragon (Zig:9)
  A doom hound (Zig:5)
  A Tzitzimitl (Zig:5)
  2 Ice Fiends
  A hellephant (Zig:8)
  A walking crystal tome (Depths:2)
  4 tentacled monstrosities
  A deep elf blademaster (Elf:3)
  A walking earthen tome (Depths:2)
  2 quicksilver dragons (Abyss:4)
  Asterion (Snake:2)
  8 liches
  2 deep elf master archers (Elf:3)
  A kraken (Shoals:1)
  4 titans
  An ancient champion (Zig:12)
  7 tentacled starspawn
  Polyphemus (Shoals:2)
  2 walking divine tomes (Depths:2)
  A sphinx (shapeshifter) (Vaults:5)
  3 sphinxes
  19 acid blobs
  4 Executioners
  Agnes (D:14)
  3 revenants
  An azure jelly (shapeshifter) (Depths:3)
  5 shadow dragons
  7 rockslimes
  5 tengu reavers
  9 fire giants
  8 azure jellies
  A daeva (Abyss:4)
  Ilsuiw (Shoals:2)
  An iron dragon (Depths:1)
  8 frost giants
  3 draconian monks
  5 narguns (Zig:15)
  10 vault wardens
  4 deep elf sorcerers (Elf:3)
  10 draconian knights
  6 draconian scorchers
  A cacodemon (Abyss:3)
  2 ghost moths (Vaults:3)
  3 balrugs
  An orc warlord (Vaults:4)
  Louise (Shoals:1)
  7 draconian shifters
  3 curse skulls
  6 draconian stormcallers
  A ghoul (Zig:12)
  A ghost moth (shapeshifter) (Vaults:5)
  2 spriggan defenders
  A juggernaut skeleton (Depths:1)
  3 reapers
  11 quicksilver oozes
  12 ironbound preservers
  A caustic shrike skeleton (Abyss:3)
  5 war gargoyles
  4 draconian annihilators
  An ironbound thunderhulk (Vaults:2)
  10 vampire knights
  A demonspawn blood saint (Pan)
  13 very ugly things
  14 stone giants
  A lorocyproca (Abyss:3)
  A putrid mouth (Zig:5)
  A demonspawn black sun (Pan)
  5 white draconians
  5 purple draconians
  7 green draconians
  6 deep elf demonologists
  2 yellow draconians (Zig:13)
  3 entropy weavers
  6 deep elf annihilators
  An eleionoma (Zig:11)
  4 red draconians
  7 wendigos (Zig:15)
  A minotaur (Gauntlet)
  8 dire elephants
  2 spark wasps
  Snorg (D:11)
  3 blizzard demons
  9 merfolk javelineers
  Josephine (Orc:2)
  12 merfolk impalers
  12 ettins
  4 deep elf death magi
  3 crystal guardians (Vaults:2)
  12 fire dragons
  2 deep elf high priests
  7 salamander tyrants
  8 ice dragons
  Erolcha (D:11)
  Fannar (Lair:2)
  33 vault guards
  6 great orbs of eyes
  11 yaktaur captains
  A boulder beetle (shapeshifter) (Depths:4)
  3 spriggan air magi
  8 hydras
  2 alligator snapping turtles
  4 boulder beetles
  A rakshasa (D:15)
  3 ogre magi
  A hydra (shapeshifter) (Gauntlet)
  2 caustic shrike simulacra (IceCv)
  9 centaur warriors
  3 merfolk avatars
  8 ironbound frosthearts
  5 catoblepae
  2 peacekeepers (Vaults:2)
  An alligator (Zig:11)
  4 merfolk aquamancers
  13 two-headed ogres
  16 anacondas
  A hell hog (Abyss:3)
  4 deep troll shamans
  13 naga warriors
  11 thrashing horrors
  4 vampire magi
  7 spriggan berserkers
  4 deep troll earth magi
  4 tengu warriors
  An orc high priest (Elf:3)
  3 death yaks (Shoals:2)
  23 dancing weapons
  7 hell knights
  10 naga sharpshooters
  24 starcursed masses
  2 sun demons
  17 deep elf knights
  7 wretched stars
  2 shadow wraiths
  7 shock serpents
  3 sixfirhies (Abyss:3)
  11 salamander mystics
  2 death drakes (shapeshifter)
  37 deep trolls
  A golden dragon zombie (Depths:2)
  A fire crab (shapeshifter) (D:14)
  3 iron trolls (Depths:1)
  A spatial maelstrom (Abyss:3)
  13 sea snakes
  A swamp dragon (shapeshifter) (Abyss:3)
  4 swamp dragons
  A goliath frog (Zig:11)
  A steelbarb worm (shapeshifter) (Gauntlet)
  19 large abominations
  16 deep elf archers
  3 bog bodies
  3 spriggan druids
  A death drake (Gauntlet)
  12 naga ritualists
  4 obsidian statues
  9 glowing orange brains
  19 ironbound convokers
  3 orange crystal statues
  3 flayed ghosts
  14 lindwurms
  2 orc knights
  A lindwurm (shapeshifter) (D:15)
  11 harpies
  An orb spider (shapeshifter) (Gauntlet)
  5 spriggan simulacra (IceCv)
  4 phantasmal warriors (Vaults:5)
  A wolf spider zombie (Gauntlet)
  24 deep elf zephyrmancers
  4 orc sorcerers (Orc:2)
  5 wizards
  35 deep elf pyromancers
  4 nameless horrors
  2 necromancers
  12 mana vipers
  4 shining eyes
  3 worldbinders
  5 fauns
  27 salamanders
  11 manticores
  A wolf spider (D:15)
  6 cyclopes
  A spectral centaur (Gauntlet)
  4 will-o-the-wisps
  A moth of wrath (shapeshifter) (Elf:1)
  3 draconians (Abyss:4)
  32 ugly things
  An elephant (shapeshifter) (Depths:2)
  7 water nymphs
  12 guardian serpents
  16 vault sentinels
  8 elephants
  An apocalypse crab (Abyss:3)
  9 naga magi
  A naga zombie (Abyss:3)
  10 merfolk sirens
  2 eyes of devastation
  24 black mambas
  10 cane toads
  A dire elephant skeleton (Abyss:3)
  14 torpor snails
  An unseen horror (shapeshifter) (D:15)
  A centaur zombie (Abyss:3)
  4 smoke demons
  An orange demon (Abyss:3)
  5 rime drakes
  2 gargoyles
  6 kobold demonologists
  2 unseen horrors
  Psyche (D:9)
  2 tengu conjurers
  A hellion (Pan)
  A demonic crawler (Abyss:2)
  An efreet (Abyss:3)
  8 komodo dragons
  A bunyip simulacrum (Abyss:3)
  5 tormentors
  4 freezing wraiths
  14 yaktaurs
  A harpy zombie (Abyss:2)
  12 ice devils (IceCv)
  17 trolls
  19 ancient zymes
  A silent spectre (Zig:5)
  3 tyrant leeches (Lair:5)
  10 wind drakes
  10 hornets
  15 merfolk
  A raiju (shapeshifter) (Elf:3)
  25 raiju
  A polar bear (Zig:8)
  178 slime creatures
  7 dream sheep
  8 snapping turtles
  A blink frog (Zig:4)
  A centaur simulacrum (D:15)
  6 flying skulls (Abyss:3)
  A spriggan zombie (Depths:1)
  2 spriggans
  A jumping spider (Vaults:1)
  31 water elementals
  A shadow (Abyss:3)
  4 vampires
  9 ynoxinuls
  3 air elementals
  A dire elephant simulacrum (IceCv)
  7 fire elementals
  6 wraiths
  12 golden eyes
  5 wyverns
  29 yaks
  8 basilisks
  10 neqoxecs
  15 vampire mosquitoes
  7 minotaur simulacra (IceCv)
  6 steam dragons
  A human (shapeshifter) (Depths:1)
  6 fire bats
  Grum (D:11)
  2 redbacks (Vaults:1)
  4 swamp worms (Lair:1)
  44 nagas
  6 chaos spawn
  5 wargs
  2 spatial vortices (Abyss:3)
  2 hydra simulacra (IceCv)
  2 harpy simulacra (IceCv)
  An acid dragon (Lair:5)
  2 floating eyes (Depths:2)
  A human skeleton (Depths:2)
  A hell hound (Volcano)
  17 water moccasins
  A sky beast (D:6)
  27 orc warriors
  4 swamp drakes (Lair:5)
  2 glowing shapeshifter skeletons
  An alligator simulacrum (IceCv)
  A black bear (shapeshifter) (Depths:1)
  3 ice beasts
  2 ettin simulacra (IceCv)
  25 ogres
  3 black bears
  13 wolves
  4 boggarts
  10 centaurs
  3 phantoms
  3 kobold brigands
  3 gnoll sergeants
  8 bullfrogs
  A scorpion (shapeshifter) (D:13)
  4 scorpions
  13 deep troll simulacra (IceCv)
  7 earth elementals
  11 wights
  12 killer bees
  A lindwurm simulacrum (IceCv)
  4 howler monkeys
  5 electric eels
  6 lava snakes (Volcano)
  7 quasits
  A hound (shapeshifter) (Depths:4)
  5 hounds
  20 orc priests
  2 gnoll boudas
  3 iron imps (Abyss:3)
  A jelly (Lair:5)
  Jessica (D:2)
  15 iguanas
  A boggart zombie (Gauntlet)
  20 small abominations
  30 orc wizards
  28 gnolls
  9 adders
  2 white imps
  6 ufetubi
  5 worms
  4 dart slugs
  111 orcs
  7 endoplasms
  4 giant cockroaches
  12 goblins
  9 hobgoblins
  4 jackals (D:2)
  15 kobolds
  3 quokkas
  6 ball pythons
  8 bats
  5 frilled lizards
  A goblin skeleton (D:8)
  3 goblin zombies (D:8)
  2 hobgoblin zombies (D:8)
  A kobold skeleton (D:8)
  An orc zombie (D:8)
  7 rats
  11 briar patches (Lair:1)
  A bush (Lair:5)
  A fulminant prism (Lair:5)
  A lurking horror (Abyss:2)
  2 starspawn tentacles (Abyss:3)
  3 tentacles (Shoals:1)
2407 creatures vanquished.

Vanquished Creatures (collateral kills)
  An ancient lich (Vaults:3)
  Mennas (Vaults:4)
  A juggernaut (Depths:2)
  3 golden dragons
  A bone dragon (Zig:5)
  2 tentacled monstrosities
  A lich (Depths:3)
  A deep elf blademaster (Elf:3)
  An acid blob (Slime:5)
  3 titans
  An ancient champion (Zig:12)
  A tentacled starspawn (Abyss:3)
  2 Executioners
  3 sphinxes
  6 shadow dragons
  A daeva (Abyss:3)
  2 tengu reavers (Vaults:5)
  A revenant (Zig:12)
  5 fire giants
  A rockslime (Slime:5)
  6 vault wardens
  An iron dragon (Depths:2)
  An emperor scorpion (Zig:3)
  4 frost giants
  A balrug (Zig:9)
  2 deep elf sorcerers
  A ghost moth (Zig:3)
  An angel (Abyss:3)
  A deep elf elementalist (Elf:3)
  A draconian stormcaller (Zig:14)
  5 ironbound preservers
  2 spriggan defenders (Depths:1)
  A war gargoyle (Vaults:5)
  12 stone giants
  A demonspawn blood saint (Pan)
  A reaper (Zig:5)
  An ironbound thunderhulk (Vaults:5)
  A deep elf demonologist (Elf:3)
  15 very ugly things
  4 vampire knights
  A black draconian (Zig:10)
  A putrid mouth (Zig:5)
  2 purple draconians
  A deep elf annihilator (Elf:3)
  A dire elephant (Vaults:4)
  3 red draconians
  A wendigo (Zig:15)
  6 spark wasps
  A crystal guardian (Vaults:2)
  A blizzard demon (Pan)
  3 deep elf death magi
  10 ettins
  6 fire dragons
  2 deep elf high priests
  6 ice dragons
  5 rakshasas
  5 yaktaur captains
  A peacekeeper (Vaults:2)
  4 vault guards
  A catoblepas (Zig:4)
  A ghost crab (Zig:11)
  3 spriggan air magi
  3 centaur warriors
  3 deep troll shamans
  17 dancing weapons
  A death knight (Vaults:2)
  A hell hog (Abyss:3)
  2 deep troll earth magi (Depths:3)
  5 thrashing horrors
  A titan zombie (Abyss:2)
  4 vampire magi
  A spriggan berserker (Depths:1)
  2 sun demons
  4 deep elf knights
  An iron troll (shapeshifter) (Vaults:5)
  7 hell knights
  3 wretched stars
  A goliath frog (Zig:11)
  2 iron trolls (Depths:3)
  A shadow wraith (Zig:12)
  A sixfirhy (Pan)
  A swamp dragon (shapeshifter) (Vaults:5)
  A bog body (Zig:1)
  2 deep elf archers
  An orb spider (Abyss:3)
  12 deep trolls
  4 lindwurms
  A deep elf zephyrmancer (Elf:2)
  2 obsidian statues
  A swamp dragon (Zig:11)
  An orange crystal statue (Zig:8)
  An orc knight (Vaults:5)
  3 deep elf pyromancers (Elf:1)
  2 ironbound convokers
  A golden dragon skeleton (Depths:2)
  2 phantasmal warriors
  3 necromancers
  5 ugly things
  A sphinx skeleton (Depths:1)
  3 worldbinders
  A draconian (Abyss:4)
  12 large abominations
  A guardian serpent (shapeshifter) (Vaults:5)
  A naga mage (Abyss:4)
  A cane toad (Zig:4)
  2 smoke demons
  8 vault sentinels
  An orange demon (Abyss:3)
  3 rime drakes
  A yaktaur (shapeshifter) (Vaults:5)
  A tormentor (Zig:5)
  A tengu conjurer (Depths:1)
  2 efreet (Abyss:3)
  7 yaktaurs
  A golden dragon simulacrum (Depths:2)
  A queen bee (shapeshifter) (Vaults:3)
  3 ancient zymes
  A polar bear (Lair:3)
  5 raiju
  A slime creature (Vaults:2)
  A dream sheep (shapeshifter) (Vaults:3)
  A blink frog (Abyss:2)
  6 flying skulls (Abyss:3)
  A yak (Lair:3)
  2 ynoxinuls
  2 neqoxecs
  A chaos spawn (Pan)
  A floating eye (Depths:2)
  3 water moccasins
  A nameless horror (Abyss:2)
  An orc warrior (Vaults:3)
  A swamp drake (Zig:11)
  2 wolves (Zig:4)
  A bullfrog (shapeshifter) (Vaults:5)
  14 small abominations
  A jelly (Abyss:3)
  5 quasits (Abyss:3)
  11 starcursed masses
  2 iron imps
  A white imp (Abyss:3)
  4 ufetubi
  An orc (Vaults:5)
  2 fulminant prisms (Vaults:3)
391 creatures vanquished.

Vanquished Creatures (others)
  2 liches
  A stone giant (Vaults:5)
  A deep elf death mage (Zig:12)
  A white draconian (Zig:14)
  A spriggan air mage (Zig:11)
  A hydra (Zig:11)
  A spriggan (Zig:11)
  2 large abominations (Abyss:3)
  A wizard (Vaults:2)
  An ironbound convoker (Vaults:1)
  A deep elf zephyrmancer (Elf:1)
  A phantasmal warrior (Zig:7)
  An ugly thing (Depths:1)
  A vault sentinel (Vaults:3)
  An unseen horror (D:11)
  A golden dragon simulacrum (Zig:15)
  2 demonic crawlers
  A hornet (Zig:11)
  A dream sheep (shapeshifter) (Vaults:3)
  A slime creature (Vaults:3)
  4 water elementals (Abyss:3)
  3 ynoxinuls
  A harpy simulacrum (Abyss:3)
  6 small abominations
  A shadow imp (Abyss:3)
  297 foxfires
  230 fulminant prisms
  34 fungi
  3 lurking horrors
  54 plants
  9 starspawn tentacles
  A tentacle (Shoals:1)
666 creatures vanquished.

Grand Total: 3464 creatures vanquished

Notes
Turn   | Place    | Note
-------+----------+-------------------------------------------
     0 | D:1      | wingedge the Tengu Conjurer began the quest for the Orb.
     0 | D:1      | Reached XP level 1. HP: 10/10 MP: 4/4
    58 | D:1      | Reached skill level 1 in Fighting
   236 | D:1      | Reached XP level 2. HP: 16/16 MP: 4/6
   445 | D:1      | Learned a level 2 spell: Searing Ray
   947 | D:2      | Reached XP level 3. HP: 21/21 MP: 1/7
  1183 | D:1      | Learned a level 1 spell: Foxfire
  1226 | D:2      | Reached skill level 1 in Fire Magic
  1226 | D:2      | Reached XP level 4. HP: 26/26 MP: 5/9
  1784 | D:2      | Noticed Jessica
  1786 | D:2      | Killed Jessica
  1933 | D:2      | Gained mutation: Your magical nature lets you fly swiftly
                  | and evasively. [Tengu growth]
  1933 | D:2      | Reached XP level 5. HP: 30/30 MP: 6/10
  2422 | D:3      | Found Tilon's Distillery.
  2456 | D:3      | Learned a level 4 spell: Flame Wave
  2467 | D:3      | Bought a potion of curing for 36 gold pieces
  2467 | D:3      | Bought a potion of lignification for 36 gold pieces
  2554 | D:3      | Noticed a centaur
  3383 | D:4      | Noticed Edmund
  3565 | D:4      | Noticed Edmund
  3565 | D:4      | Edmund changed into Edmund the bullfrog
  3570 | D:4      | Killed Edmund the bullfrog
  3571 | D:4      | Reached skill level 6 in Conjurations
  3571 | D:4      | Reached XP level 6. HP: 29/37 MP: 6/11
  3662 | D:4      | Reached skill level 7 in Conjurations
  3941 | D:4      | Reached XP level 7. HP: 38/41 MP: 0/12
  4339 | D:5      | Entered Level 5 of the Dungeon
  4361 | D:5      | Reached skill level 5 in Fire Magic
  4625 | D:5      | Found a staircase to the Ecumenical Temple.
  4639 | Temple   | Entered the Ecumenical Temple
  4828 | Temple   | Became a worshipper of Gozag Ym Sagoz the Greedy
  5124 | D:5      | Reached skill level 8 in Conjurations
  5166 | D:5      | Reached XP level 8. HP: 46/46 MP: 8/15
  5884 | D:6      | Reached skill level 9 in Conjurations
  5884 | D:6      | Reached skill level 1 in Armour
  6341 | D:6      | Reached skill level 5 in Armour
  6602 | D:6      | Reached XP level 9. HP: 44/51 MP: 5/16
  7445 | D:7      | Reached skill level 5 in Spellcasting
  7800 | D:7      | Found a runed translucent door.
  8813 | D:8      | Found a glowing golden altar of the Shining One.
  8825 | D:8      | Reached XP level 10. HP: 56/56 MP: 6/20
  9022 | D:8      | Reached skill level 10 in Conjurations
  9425 | D:3      | Bought a potion of cancellation for 96 gold pieces
  9425 | D:3      | Bought a potion of attraction for 36 gold pieces
  9425 | D:3      | Bought a potion of magic for 96 gold pieces
  9425 | D:3      | Bought a potion of curing for 36 gold pieces
  9425 | D:3      | Bought a potion of brilliance for 48 gold pieces
  9425 | D:3      | Bought a potion of might for 48 gold pieces
  9752 | D:8      | Found Liduydgh's General Store.
  9920 | D:8      | Reached skill level 1 in Long Blades
 10450 | D:9      | Identified a scroll of acquirement
 10452 | D:9      | Acquired the +0 hat of the Lost Ghosts {Harm rCorr Str+3}
 10459 | D:9      | Noticed Psyche
 10467 | D:9      | Killed Psyche
 10468 | D:9      | Reached skill level 5 in Fighting
 10772 | D:9      | Learned a level 4 spell: Fulminant Prism
 10943 | D:9      | Noticed a kobold demonologist
 10962 | D:9      | Killed a kobold demonologist
 10963 | D:9      | Reached skill level 11 in Conjurations
 10963 | D:9      | Reached skill level 1 in Hexes
 10966 | D:9      | Noticed a kobold demonologist
 10967 | D:9      | Noticed a kobold demonologist
 10979 | D:9      | Killed a kobold demonologist
 10981 | D:9      | Killed a kobold demonologist
 10982 | D:9      | Reached XP level 11. HP: 63/63 MP: 0/22
 11321 | D:10     | Entered Level 10 of the Dungeon
 11468 | D:10     | Reached skill level 1 in Shields
 11784 | D:10     | Found a hazy altar of Hepliaklqana.
 11919 | D:10     | Noticed a two-headed ogre
 11926 | D:10     | Killed a two-headed ogre
 12416 | D:10     | Learned a level 3 spell: Mephitic Cloud
 12423 | D:10     | Learned a level 6 spell: Starburst
 12480 | D:10     | Found Loamuid's Distillery.
 12493 | D:10     | Identified the +11 rapier of the Big Fish {antimagic, rElec
                  | rF++ rCorr Dex-3}
 12496 | D:10     | Bought a potion of mutation for 120 gold pieces
 12496 | D:10     | Bought a potion of magic for 120 gold pieces
 12496 | D:10     | Bought a potion of cancellation for 120 gold pieces
 12496 | D:10     | Bought a potion of curing for 45 gold pieces
 12898 | D:11     | Found a staircase to the Lair.
 12910 | D:11     | Reached skill level 1 in Air Magic
 12917 | D:11     | Noticed a white ugly thing
 13015 | D:11     | Reached skill level 1 in Poison Magic
 13015 | D:11     | Killed a white ugly thing
 13172 | D:11     | Reached skill level 5 in Shields
 13361 | D:11     | Noticed a boulder beetle
 13435 | D:11     | Noticed a two-headed ogre
 13441 | D:11     | Killed a two-headed ogre
 13442 | Abyss:2  | Cast into level 2 of the Abyss (Erolcha)
 13477 | Abyss:2  | Noticed a red very ugly thing
 13523 | Abyss:2  | Noticed a rakshasa
 13612 | D:11     | Escaped the Abyss
 13612 | D:11     | Noticed Erolcha
 13619 | D:11     | Noticed Snorg
 13623 | D:11     | Killed Erolcha
 13638 | D:11     | Killed Snorg
 13639 | D:11     | Reached skill level 5 in Air Magic
 13845 | D:11     | Found a staircase to the Orcish Mines.
 13855 | D:11     | Noticed Grum
 13868 | D:11     | Killed Grum
 13885 | D:11     | Reached XP level 12. HP: 40/68 MP: 4/25
 14358 | D:11     | Killed a boulder beetle
 14359 | D:11     | Reached skill level 1 in Ice Magic
 14658 | D:12     | Learned a level 5 spell: Freezing Cloud
 15893 | Lair:1   | Entered Level 1 of the Lair of Beasts
 15940 | Orc:1    | Entered Level 1 of the Orcish Mines
 16047 | Lair:1   | Found a transporter.
 16309 | Lair:1   | Found a transporter.
 17378 | Lair:2   | Noticed Fannar
 17400 | Lair:2   | Killed Fannar
 17401 | Lair:2   | Reached skill level 5 in Hexes
 18272 | Lair:3   | Found a staircase to the Snake Pit.
 18296 | Lair:3   | Reached XP level 13. HP: 69/74 MP: 27/27
 18302 | Lair:3   | Reached skill level 12 in Conjurations
 18314 | Lair:3   | Reached skill level 5 in Ice Magic
 18324 | Lair:3   | Found a dark tunnel.
 18332 | Volcano  | Entered a volcano
 18457 | Volcano  | Reached skill level 10 in Air Magic
 18461 | Volcano  | Noticed a fire dragon
 18466 | Volcano  | Killed a fire dragon
 18514 | Volcano  | Found a burning altar of Makhleb.
 18565 | Lair:3   | Reached skill level 13 in Conjurations
 18602 | Lair:3   | Found a gate leading to a gauntlet.
 18610 | Gauntlet | Entered a Gauntlet
 18610 | Gauntlet | Found a transporter.
 18625 | Gauntlet | Noticed a quicksilver ooze
 18644 | Gauntlet | Found a transporter.
 18645 | Gauntlet | Noticed a green death
 18646 | Gauntlet | Found a transporter.
 18646 | Gauntlet | Found a transporter.
 18646 | Gauntlet | Found the +3 pair of seven-league boots {Rampage+∞}
 18649 | Gauntlet | Found a transporter.
 18650 | Gauntlet | Found a transporter.
 18658 | Gauntlet | Found a transporter.
 18660 | Gauntlet | Found a transporter.
 18725 | Gauntlet | Found a transporter.
 18727 | Gauntlet | Found a transporter.
 18731 | Gauntlet | Found a transporter.
 18742 | Gauntlet | Found a transporter.
 18826 | Gauntlet | Identified the ring of Falie {rN+ Will+ Int+3}
 18928 | Gauntlet | Reached skill level 14 in Conjurations
 18935 | Gauntlet | Noticed a storm dragon
 18940 | Gauntlet | Noticed a minotaur
 18940 | Gauntlet | a storm dragon changed into a minotaur
 18945 | Gauntlet | Identified the ring "Xios" {rN+ rCorr}
 18945 | Gauntlet | a minotaur changed into an iron troll
 18948 | Gauntlet | Noticed an azure jelly
 18948 | Gauntlet | an iron troll changed into an azure jelly
 18949 | Gauntlet | Noticed a frost giant
 18949 | Gauntlet | an azure jelly changed into a frost giant
 18950 | Gauntlet | Noticed a stone giant
 18950 | Gauntlet | a frost giant changed into a stone giant
 18951 | Gauntlet | Noticed a minotaur
 18951 | Gauntlet | a stone giant changed into a minotaur
 18953 | Gauntlet | a minotaur changed into something unseen
 18954 | Gauntlet | Noticed a great orb of eyes
 18954 | Gauntlet | a boulder beetle changed into a great orb of eyes
 18956 | Gauntlet | a great orb of eyes changed into a tyrant leech
 18959 | Gauntlet | Noticed a fire dragon
 18959 | Gauntlet | a tyrant leech changed into a fire dragon
 18962 | Gauntlet | Noticed an ice dragon
 18962 | Gauntlet | a fire dragon changed into an ice dragon
 18963 | Gauntlet | Noticed a spark wasp
 18963 | Gauntlet | an ice dragon changed into a spark wasp
 18965 | Gauntlet | Noticed a bunyip
 18965 | Gauntlet | a spark wasp changed into a bunyip
 18966 | Gauntlet | Noticed an ettin
 18966 | Gauntlet | a bunyip changed into an ettin
 18971 | Gauntlet | an ettin changed into an alligator
 19137 | Gauntlet | Noticed a minotaur
 19163 | Gauntlet | Killed a minotaur
 19294 | Gauntlet | Found the +0 pair of fencer's gloves {Riposte Dex+3}
 19299 | Gauntlet | Got the Directory of Planar Kindling
 19642 | Lair:3   | Learned a level 5 spell: Irradiate
 19827 | Lair:3   | Found a staircase to the Shoals.
 20070 | Lair:4   | Reached skill level 1 in Transmutations
 21230 | Lair:4   | You are sucked into a shaft and drop 1 floor!
 21230 | Lair:5   | Entered Level 5 of the Lair of Beasts
 21566 | Lair:5   | Reached skill level 15 in Conjurations
 21645 | Lair:5   | Reached XP level 14. HP: 80/80 MP: 23/28
 21741 | Lair:5   | Found a staircase to the Slime Pits.
 21777 | Lair:5   | Reached skill level 16 in Conjurations
 22485 | Lair:5   | Found a snail-covered altar of Cheibriados.
 22681 | Lair:5   | Reached skill level 5 in Dodging
 23040 | Lair:5   | Found a runed translucent door.
 24494 | Lair:5   | Bought the ring "Zahuw" {rPois rN+ Will- Int+4} for 601
                  | gold pieces
 24494 | Lair:5   | Bought the amulet "Wiete" {+Inv Regen+ Stlth+} for 795 gold
                  | pieces
 24494 | Lair:5   | Bought the ring of Zeps {Dex+4 SInv Stlth-} for 493 gold
                  | pieces
 25490 | Lair:5   | Bought a +6 ring of intelligence for 612 gold pieces
 25925 | Orc:2    | Entered Level 2 of the Orcish Mines
 25983 | Orc:2    | Reached skill level 1 in Evocations
 26141 | Orc:2    | Noticed Josephine
 26438 | Orc:2    | Killed Josephine
 27090 | Orc:2    | Found a staircase to the Elven Halls.
 27302 | Orc:2    | Reached skill level 10 in Fire Magic
 27688 | Orc:2    | Reached XP level 15. HP: 86/86 MP: 24/29
 28002 | Orc:2    | Found Ojiagiuf's Distillery.
 28413 | Orc:2    | Reached skill level 10 in Spellcasting
 28554 | Orc:2    | Found Qequer's Assorted Antiques.
 28562 | Orc:2    | Found Zoetan's Magic Scroll Shop.
 28569 | Orc:2    | Bought a potion of curing for 48 gold pieces
 28569 | Orc:2    | Bought a potion of brilliance for 64 gold pieces
 28569 | Orc:2    | Bought a potion of curing for 48 gold pieces
 28569 | Orc:2    | Bought a potion of curing for 48 gold pieces
 28569 | Orc:2    | Bought 2 potions of heal wounds for 160 gold pieces
 28607 | Orc:2    | Found Qineatzo's Armour Shoppe.
 28610 | Orc:2    | Bought a scroll of blinking for 105 gold pieces
 28610 | Orc:2    | Bought a scroll of enchant armour for 105 gold pieces
 28610 | Orc:2    | Bought a scroll of blinking for 105 gold pieces
 28610 | Orc:2    | Bought a scroll of amnesia for 56 gold pieces
 30367 | D:14     | Found a frozen archway.
 30376 | IceCv    | Entered an ice cave
 31526 | IceCv    | Reached skill level 10 in Fighting
 32000 | IceCv    | Noticed an Ice Fiend
 32003 | IceCv    | Killed an Ice Fiend
 32893 | D:14     | Found an ancient bone altar of Kikubaaqudgha.
 32927 | D:14     | Found Taun's Book Emporium.
 33088 | D:14     | Bought an Inescapable Atlas for 408 gold pieces
 33091 | D:14     | Learned a level 2 spell: Blink
 33404 | D:14     | Identified the +4 war axe of a volcano {vorpal, rCorr
                  | Str+3}
 33472 | D:14     | Noticed Agnes
 33473 | D:14     | Found Juiruicw's Vocational Training.
 33480 | D:14     | Reached XP level 16. HP: 93/99 MP: 17/31
 33481 | D:14     | Killed Agnes
 33482 | D:14     | Reached skill level 1 in Translocations
 33601 | D:14     | Bought a manual of Evocations for 1280 gold pieces
 33841 | D:14     | Found a gate to the Vaults.
 34124 | D:15     | Entered Level 15 of the Dungeon
 34128 | D:15     | Reached skill level 5 in Evocations
 34975 | D:15     | Found a staircase to the Depths.
 35959 | Shoals:1 | Entered Level 1 of the Shoals
 36049 | Shoals:1 | Noticed a kraken
 36057 | Shoals:1 | Killed a kraken
 36954 | Shoals:1 | Noticed Louise
 36968 | Shoals:1 | Killed Louise
 37017 | Shoals:1 | Reached skill level 10 in Dodging
 38129 | Shoals:1 | Reached skill level 10 in Armour
 38806 | Shoals:2 | Noticed Polyphemus
 38822 | Shoals:2 | Killed Polyphemus
 39082 | Shoals:2 | Reached XP level 17. HP: 98/106 MP: 6/32
 39218 | Shoals:2 | Noticed Ilsuiw
 39231 | Shoals:2 | Killed Ilsuiw
 39826 | Shoals:2 | Identified the +6 long sword of the Realm of Zot {venom,
                  | Will+ Dex+2}
 39842 | Shoals:2 | Learned a level 7 spell: Orb of Destruction
 39846 | Shoals:2 | Learned a level 2 spell: Wereblood
 39849 | Shoals:2 | Learned a level 2 spell: Sublimation of Blood
 40046 | Shoals:3 | Identified the +4 rapier of Fulobrag {protect, rF+}
 40147 | Shoals:3 | Reached skill level 1 in Necromancy
 40380 | Shoals:3 | Reached skill level 1 in Short Blades
 41608 | Shoals:4 | Entered Level 4 of the Shoals
 42503 | Shoals:4 | Paralysed by an air elemental for 1 turns
 42631 | Shoals:4 | Paralysed by an air elemental for 1 turns
 43100 | Shoals:4 | Noticed a titan
 43112 | Shoals:4 | Killed a titan
 43113 | Shoals:4 | Reached skill level 17 in Conjurations
 43448 | Shoals:4 | Reached skill level 10 in Shields
 43640 | Shoals:4 | Got a barnacled rune of Zot
 44868 | Shoals:4 | Bought a manual of Dodging for 1360 gold pieces
 44974 | Snake:1  | Entered Level 1 of the Snake Pit
 45324 | Snake:1  | Identified the +0 scale mail of Youthful Indiscretion
                  | {rElec}
 45435 | Snake:1  | Reached XP level 18. HP: 86/112 MP: 12/33
 46089 | Snake:2  | Noticed Asterion
 46102 | Snake:2  | Killed Asterion
 46407 | Snake:2  | Found Eder's General Store.
 46413 | Snake:2  | Bought the +2 ring mail of Duorar {rC+ Will++ MP+9 Dex-4}
                  | for 682 gold pieces
 46499 | Snake:2  | Reached skill level 10 in Evocations
 49234 | Snake:3  | Reached skill level 18 in Conjurations
 50003 | Snake:4  | Entered Level 4 of the Snake Pit
 50241 | Snake:4  | Reached skill level 15 in Dodging
 50876 | Snake:4  | Identified the +5 ring mail of Ynosu {Harm rElec Str+2
                  | Stlth+}
 51699 | Snake:4  | Reached XP level 19. HP: 66/116 MP: 9/36
 52030 | Snake:4  | Reached skill level 1 in Summonings
 52082 | Snake:4  | Reached skill level 19 in Conjurations
 52354 | Snake:4  | Reached skill level 5 in Summonings
 52810 | Snake:4  | Got a serpentine rune of Zot
 53322 | Vaults:1 | Entered Level 1 of the Vaults
 53335 | D:14     | Learned a level 7 spell: Spellforged Servitor
 53630 | Vaults:1 | Reached skill level 10 in Summonings
 55672 | Vaults:2 | Noticed a dread lich
 55680 | Vaults:2 | Killed a dread lich
 55681 | Vaults:2 | Reached skill level 1 in Staves
 55737 | Vaults:2 | Reached XP level 20. HP: 105/122 MP: 3/37
 56549 | Vaults:2 | Found a staircase to the Crypt.
 56976 | Vaults:2 | Reached skill level 5 in Staves
 58707 | Vaults:3 | Noticed Jory
 58763 | Vaults:3 | Killed Jory
 59649 | Vaults:3 | Noticed Saint Roka
 59659 | Vaults:3 | Killed Saint Roka
 59989 | Vaults:3 | Noticed Margery
 59992 | Vaults:3 | Killed Margery
 61032 | Vaults:3 | Reached XP level 21. HP: 127/127 MP: 25/39
 61474 | Vaults:3 | Found Ohofes's General Store.
 61963 | Vaults:3 | Noticed an ancient lich
 61969 | Vaults:3 | Killed an ancient lich
 62008 | Vaults:3 | Reached skill level 15 in Summonings
 62559 | Vaults:3 | Identified the +6 flail of Indomitability {vorpal, rCorr
                  | Str+3 Int-2}
 62690 | Vaults:3 | Learned a level 7 spell: Summon Hydra
 63242 | Vaults:4 | Reached skill level 10 in Staves
 63244 | Vaults:4 | Noticed Mennas
 63265 | Vaults:4 | Killed Mennas
 64962 | Elf:1    | Entered Level 1 of the Elven Halls
 65603 | Elf:1    | Found a runed translucent gate.
 65603 | Elf:1    | Found a runed translucent gate.
 65604 | Elf:1    | Found a runed translucent gate.
 65626 | Elf:1    | Reached XP level 22. HP: 123/135 MP: 15/41
 66030 | Elf:1    | Got the Monograph on Accomplices
 66639 | Elf:2    | Found Lueskol's Armour Boutique.
 66667 | Elf:2    | Found Attowooj's Jewellery Emporium.
 66787 | Elf:2    | Bought the +11 chain mail of the Swamp {Rampage +Inv Str+5
                  | Int-4} for 1209 gold pieces
 66858 | Elf:2    | Bought the ring "Zaecymez" {rF+ Str+6 Int+5} for 907 gold
                  | pieces
 67086 | Elf:2    | Found Ywiukh's Weapon Emporium.
 67976 | Elf:2    | Found Afunno's Weapon Boutique.
 67985 | Elf:2    | Bought 2 throwing nets for 102 gold pieces
 68325 | Elf:2    | Found a runed translucent gate.
 68325 | Elf:2    | Found a runed translucent gate.
 68325 | Elf:2    | Found a runed translucent gate.
 69394 | Elf:3    | Entered Level 3 of the Elven Halls
 71230 | Lair:5   | Bought the amulet "Pabro" {Faith Will+++ rCorr MP-9 Dex-3}
                  | for 941 gold pieces
 71853 | Elf:3    | Identified the +1 shortbow of Ragnarok {speed, Dex+2}
 72228 | Elf:3    | Identified the +11 lajatang of Righteous Anger {flame,
                  | *Slow Will+++ Str+4}
 72228 | Elf:3    | Identified the +6 battleaxe "Dyum" {protect, rC++ Str+2}
 72239 | Elf:3    | Identified the +6 battleaxe of the Eternal Void {holy,
                  | Str+2}
 72922 | Elf:3    | Reached XP level 23. HP: 140/140 MP: 14/42
 73330 | D:14     | Bought a Necronomicon for 672 gold pieces
 73557 | Slime:1  | Entered Level 1 of the Pits of Slime
 73652 | Slime:1  | Reached skill level 5 in Necromancy
 74546 | Lair:1   | Identified the ring "Vecuymu" {rC+ rN+ Str+4 Int-2 Slay+2
                  | SInv}
 77814 | Slime:4  | Reached skill level 5 in Transmutations
 78826 | Slime:5  | Entered Level 5 of the Pits of Slime
 79352 | Slime:5  | Found a viscous altar of Jiyva.
 79384 | Slime:5  | Noticed the Royal Jelly
 79410 | Slime:5  | Killed the Royal Jelly
 79862 | Slime:5  | Identified the ring "Benuk" {rC++ rN+}
 79869 | Slime:5  | Reached skill level 20 in Conjurations
 79899 | Slime:5  | Found the +18 shield of the Gong {rElec rN+ Will+ EV-5}
 79906 | Slime:5  | Found the +7 Singing Sword {vorpal, sonic wave}
 79938 | Slime:5  | Got a slimy rune of Zot
 79940 | Slime:5  | Got the Anthology of the Coward and Glamour
 80041 | Slime:5  | Identified the +2 mace of Perfectionism {spect, Fly rPois
                  | Str-2}
 80043 | Slime:5  | Identified the +3 scale mail of the Falcon {Str+2}
 81024 | Vaults:5 | Entered Level 5 of the Vaults
 81036 | Vaults:5 | Reached skill level 5 in Long Blades
 81036 | Vaults:5 | Noticed a golden dragon
 81044 | Vaults:5 | Noticed a dread lich
 81053 | Vaults:5 | Identified the ring of Leupovvo {rF+ rCorr Str+4}
 81057 | Vaults:5 | Killed a golden dragon
 81073 | Vaults:5 | Reached skill level 10 in Necromancy
 81073 | Vaults:5 | Noticed a golden dragon
 81078 | Vaults:5 | Reached skill level 15 in Spellcasting
 81082 | Vaults:5 | Reached XP level 24. HP: 83/145 MP: 25/43
 81089 | Vaults:5 | Reached skill level 15 in Armour
 81097 | Vaults:5 | Killed a dread lich
 81191 | Vaults:5 | Noticed a caustic shrike
 81191 | Vaults:5 | an iron dragon changed into a caustic shrike
 81195 | Vaults:5 | a caustic shrike changed into an acid blob
 81271 | Vaults:5 | Identified the +11 halberd "Noad" {vorpal, *Noise rElec
                  | rN+}
 81894 | Vaults:5 | Identified the +0 glaive of Melee {vorpal, *Noise +Blink
                  | Will++ SInv}
 82509 | Vaults:5 | Identified the +9 hand axe of Ponir {elec, Will+++ Str-5
                  | Dex+8 Stlth-}
 83078 | Vaults:5 | Identified the +2 hat of Philately {Harm *Slow Dex+4}
 83211 | Vaults:5 | Identified the +1 scimitar of the Fool {holy, Int+2}
 83335 | Vaults:5 | Got the Dissertation on the Storm
 83338 | Vaults:5 | Got a silver rune of Zot
 83689 | Depths:1 | Entered Level 1 of the Depths
 83689 | Depths:1 | Found a gateway to Hell.
 85076 | Depths:1 | Reached XP level 25. HP: 103/150 MP: 27/43
 85084 | Depths:1 | Learned a level 7 spell: Monstrous Menagerie
 85412 | Depths:1 | Found a portal to a secret trove of treasure.
 85570 | Depths:1 | Found a one-way gate to the infinite horrors of the Abyss.
 85579 | Depths:1 | Voluntarily entered the Abyss.
 85844 | Abyss:2  | Found a shimmering blue altar of Sif Muna.
 85974 | Depths:1 | Escaped the Abyss
 86117 | Depths:1 | Voluntarily entered the Abyss.
 86127 | Abyss:2  | Found a corrupted altar of Lugonu.
 86817 | Abyss:3  | Learned a level 4 spell: Dispel Undead
 87071 | Abyss:3  | Found a corrupted altar of Lugonu.
 87178 | Abyss:3  | Reached skill level 21 in Conjurations
 87322 | Abyss:3  | Learned a level 5 spell: Fireball
 87452 | Abyss:3  | Found a corrupted altar of Lugonu.
 87562 | Abyss:3  | Reached skill level 15 in Fighting
 87670 | Depths:1 | Escaped the Abyss
 87807 | Depths:1 | Voluntarily entered the Abyss.
 88170 | Abyss:3  | Reached skill level 5 in Translocations
 88174 | Depths:1 | Escaped the Abyss
 88372 | Depths:1 | Voluntarily entered the Abyss.
 88478 | Abyss:4  | Found a transporter.
 88534 | Abyss:4  | Reached XP level 26. HP: 96/160 MP: 3/43
 88549 | Abyss:4  | Reached skill level 22 in Conjurations
 88566 | Abyss:4  | Found a transporter.
 88571 | Abyss:4  | Got an abyssal rune of Zot
 88678 | Abyss:4  | Found a transporter.
 88692 | Abyss:4  | Found a transporter.
 88730 | Depths:1 | Escaped the Abyss
 89308 | Depths:1 | Reached skill level 23 in Conjurations
 89701 | Depths:1 | Identified the +5 shortbow of Hodateyk {venom, rElec rCorr
                  | MP+9 Str+3}
 90374 | Depths:1 | Noticed the Enchantress
 90381 | Depths:1 | Reached skill level 15 in Necromancy
 90382 | Depths:1 | Killed the Enchantress
 90985 | Depths:2 | Found a one-way gate leading to the halls of Pandemonium.
 91026 | Depths:2 | Noticed Bai Suzhen
 91037 | Depths:2 | Killed Bai Suzhen
 91348 | Depths:2 | Paralysed by a floating eye for 4 turns
 91818 | Depths:2 | Found a radiant altar of Vehumet.
 91819 | Depths:2 | Found a hide-covered altar of Uskayaw.
 91820 | Depths:2 | Found an ornate altar of the Wu Jian Council.
 92545 | Depths:2 | Noticed Mara
 92572 | Depths:2 | Killed Mara
 93078 | Depths:2 | Bought a potion of heal wounds for 90 gold pieces
 93078 | Depths:2 | Bought a potion of magic for 144 gold pieces
 93146 | Depths:2 | Paralysed by a floating eye for 4 turns
 94075 | Depths:2 | Got Jokuac's Compendium of Combustion
 94076 | Depths:2 | Identified the +8 short sword "Killer Bee's Death"
                  | {antimagic, rPois rF+++ rC- Str-3}
 94088 | Depths:2 | Identified the +4 flail "Undertaker" {speed, Will+}
 94351 | Depths:2 | Noticed a juggernaut
 94360 | Depths:2 | Killed a juggernaut
 95490 | Depths:3 | Reached XP level 27. HP: 165/165 MP: 13/43
 96670 | Depths:3 | Found Nuruek Mamm's Book Boutique.
 96672 | Depths:3 | Found Zaguu's Jewellery Emporium.
 96673 | Depths:3 | Found Liytze Soha's Book Boutique.
 96692 | Depths:3 | Bought the amulet of Zoror {RegenMP rF+ Str+4} for 1257
                  | gold pieces
 96799 | Depths:3 | Learned a level 8 spell: Borgnjor's Revivification
 97326 | Depths:3 | Found a one-way gateway to a ziggurat.
 97326 | Depths:3 | Noticed a dread lich
 97327 | Depths:3 | Noticed a dread lich
 97339 | Depths:3 | Killed a dread lich
 97339 | Depths:3 | Killed a dread lich
 97525 | Zig:1    | Entered Level 1 of a ziggurat
 97817 | Zig:2    | Entered Level 2 of a ziggurat
 97858 | Zig:2    | Identified the ring "Ryanitov" {rPois SInv}
 97873 | Zig:3    | Entered Level 3 of a ziggurat
 98028 | Zig:4    | Entered Level 4 of a ziggurat
 98087 | Zig:4    | Identified the ring of Etiry {rF+ rN+ Dex+6 Stlth+}
 98103 | Zig:5    | Entered Level 5 of a ziggurat
 98430 | Zig:5    | Identified the +3 leather armour of Tempters {Contam rN+
                  | Slay+2}
 98432 | Zig:5    | Got the Atlas of the Flock and Terra Firma
 98477 | Zig:6    | Entered Level 6 of a ziggurat
 98486 | Zig:6    | Noticed a dread lich
 98491 | Zig:6    | Killed a dread lich
 98500 | Zig:6    | Gained mutation: You have hidden genetic defects.
                  | [mutagenic glow]
 98826 | Zig:6    | Identified the +1 quarterstaff "Voyn" {protect, rF+ Str+4}
 98842 | Zig:7    | Entered Level 7 of a ziggurat
 99209 | Zig:8    | Entered Level 8 of a ziggurat
 99438 | Zig:8    | Identified the amulet of Meocvoeps {Reflect Rampage +Inv
                  | Str+4 SH+5}
 99530 | Zig:9    | Entered Level 9 of a ziggurat
 99639 | Zig:9    | Paralysed by accursed screaming for 1 turns
 99666 | Zig:9    | HP: 2/172 [spore (61)]
100374 | Zig:10   | Entered Level 10 of a ziggurat
100392 | Zig:10   | Found the +3 giant club "Skullcrusher" {speed, Str+7}
100432 | Zig:10   | Gained mutation: Your body sometimes deteriorates upon
                  | taking damage. [hidden defects]
100433 | Zig:10   | Lost mutation: Your body sometimes deteriorates upon taking
                  | damage. [potion of mutation]
100433 | Zig:10   | Lost mutation: You have hidden genetic defects. [potion of
                  | mutation]
100433 | Zig:10   | Gained mutation: You are partially covered in iridescent
                  | scales. (AC +2) [potion of mutation]
100433 | Zig:10   | Gained mutation: Your muscles are strong. (Str +4, Int/Dex
                  | -1) [potion of mutation]
100598 | Zig:10   | Identified the ring "Qezop" {rF+ Int+4 Stlth+}
100599 | Zig:10   | Identified the ring "Nolylelo" {rElec rF+ rC+ Str-4 Slay+4}
100600 | Zig:10   | Identified the +6 scimitar of Nafulyu {spect, Str-2 Dex+4
                  | Stlth-}
100681 | Zig:11   | Entered Level 11 of a ziggurat
100720 | Zig:11   | Reached skill level 15 in Fire Magic
100999 | Zig:11   | Got the Dissertation on Superposition
101000 | Zig:11   | Identified the amulet "Beegho" {Acrobat Harm Will+}
101050 | Zig:12   | Entered Level 12 of a ziggurat
101067 | Zig:12   | Noticed a dread lich
101082 | Zig:12   | Killed a dread lich
101442 | Zig:13   | Entered Level 13 of a ziggurat
101467 | Zig:13   | Reached skill level 10 in Long Blades
101783 | Zig:13   | Identified the ring "Vaecluxt" {rN+ Str-5 Int+6 Dex+7
                  | Stlth-}
101802 | Zig:13   | Identified the +8 dagger of Evil {venom, *Corrode Dex+3
                  | Stlth+}
101842 | Zig:14   | Entered Level 14 of a ziggurat
102545 | Zig:14   | Identified the ring "Ypniehil" {rF++ rN+}
102550 | Zig:14   | Identified the +6 scimitar "Iponi" {pain, rCorr Int-3
                  | Stlth+}
102553 | Zig:14   | Got Kikubaaqudgha's Compendium of Gloom
102562 | Zig:14   | Identified the +2 cloak of Midsummer {rF- rC+++ Will-
                  | Stlth+}
102587 | Zig:15   | Entered Level 15 of a ziggurat
103068 | Zig:15   | Identified the +2 robe of Honesty {Harm Str-2 Dex+6
                  | Archmagi}
103074 | Zig:15   | Identified the +4 whip of Ykkooh {vorpal, rF+ Will++}
103085 | Zig:15   | Identified the ring "Vitzeops" {EV+4 Dex+4}
103530 | Depths:4 | Entered Level 4 of the Depths
103911 | Depths:4 | Reached skill level 24 in Conjurations
104945 | Depths:4 | Found a gate to the Realm of Zot.
105366 | Pan      | Entered Pandemonium
105442 | Pan      | Noticed Oseykhya the pandemonium lord
105445 | Pan      | Reached skill level 25 in Conjurations
105450 | Pan      | HP: 2/172 [Oseykhya the pandemonium lord/great icy blast
                  | (76)]
105451 | Pan      | Engulfed by Oseykhya the pandemonium lord's freezing vapour

Illustrated notes

Levels and vault maps discovered:
D:1:      lightli_arrival_statue_moat, layout_basic
D:2:      layout_loops_ring, kennysheep_jessica_study
D:3:      layout_basic, serial_shops, shop_statue, lightli_corner_chamber
D:4:      layout_rooms, uniq_edmund
D:5:      layout_rooms, minmay_temple_entry_waves, kennysheep_generic_room_15
D:6:      layout_basic, hangedman_decor_clover_reticule,
          minmay_fractal_squares_gapless_5
D:7:      layout_gridville, lightli_church_of_beogh
D:8:      layout_loops_ring, nicolae_tso_besieged_by_evil, serial_shops,
          nicolae_shop_statue_plus, hex_medium
D:9:      layout_long_grid, uniq_psyche
D:10:     layout_loops_corners, amcnicky_altar_gilded, serial_shops,
          nicolae_stop_n_shop_2, chequers_serial_rivers_micro_d,
          chequers_garden, minmay_misc_feat_rows, grunt_ministairs_13,
          library_closet
D:11:     layout_basic, erik_lair_island, minmay_orc_entry_temple_small,
          uniq_snorg, uniq_grum, uniq_erolcha
D:12:     layout_roguey
D:13:     layout_roguey
D:14:     layout_small_grid, skrybe_vaults_entry_preservation,
          kiku_gazebo_pond_becter, portal_ice_cave_entry_pillars_2,
          serial_shops, shop, nicolae_shop_vocational, uniq_agnes
D:15:     gammafunk_enter_depths_forms, layout_rooms, chequers_mini_garden,
          minmay_misc_feat_x
Temple:   mainiacjoe_temple_cubbyholes
Lair:1:   gammafunk_worm_tunnel, layout_regular_city, minivault_24,
          serial_bayou_pond_a, grunt_megastairs_4, infiniplex_staircase_pool_2
Lair:2:   layout_chaotic_city, uniq_fannar
Lair:3:   layout_regular_city, shoals_dummy_entry, dummy_snake_entry,
          enter_volcano_1, gauntlet_entry_generic
Lair:4:   layout_roguey, beast_lair_carwin_4, grunt_megastairs_5
Lair:5:   guppyfry_lair_end_dragon, layout_loops_ring, wormcave,
          minmay_slime_entry_pillars, chequers_serial_rivers_micro_d,
          kennysheep_snail_temple, serial_bayou_shore_b,
          infiniplex_staircase_pool
Shoals:1: layout_shoals, uniq_louise
Shoals:2: layout_shoals, uniq_polyphemus, uniq_ilsuiw
Shoals:3: layout_shoals
Shoals:4: shoals_end_hellmonk_storm_palace [storm_palace_center_square,
          storm_palace_corner_grid, storm_palace_corner_grid,
          storm_palace_corner_narrow, storm_palace_corner_narrow]
Snake:1:  layout_misc_corridors
Snake:2:  layout_basic, nicolae_large_snake_swirl, minmay_shop_star,
          serial_bayou_shore_b, lemuel_fruit_tree, uniq_asterion
Snake:3:  layout_gridlike
Snake:4:  snake_pit_salamanders_mu, layout_misc_corridors
Slime:1:  layout_caves, cheibrodos_slime_lost_civilization_7
Slime:2:  layout_caves
Slime:3:  layout_caves, cheibrodos_slime_lost_civilization_5
Slime:4:  layout_caves
Slime:5
Orc:1:    layout_caves
Orc:2:    st_orc_open, layout_diamond_mine, uniq_josephine
Elf:1:    elf_arrival_001, layout_loops_cross, minmay_elf_demonology,
          nicolae_gammafunk_elf_defective_weapons_storage
Elf:2:    nicolae_elf_blades_splatter_lattice [nicolae_blade_bullseye],
          layout_rooms, serial_shops,
          nicolae_shop_temple_entry_statues_fountains, nicolae_shop_stone,
          nicolae_shop_bloodbath_and_beyond, nicolae_shop_hallway_plus
Elf:3:    elf_hall, layout_geoelf_diagonals, hellmonk_bongcloud_opening
Vaults:1: v_misc_15, nicolae_vaults_network_s, grunt_vaults_hallway_short,
          nicolae_vaults_little_squares_6, nicolae_vaults_little_squares_2,
          nicolae_vaults_shelves_hall, vaults_room_pools, vaults_room_pool,
          layout_vaults_omnigrid
Vaults:2: v_misc_8, nicolae_vaults_twisting_passages, hangedman_vaults_nails,
          kb_rosetta, grunt_vaults_twisty, hangedman_vaults_locks,
          minmay_crypt_entry_simple_sparse, nicolae_vaults_circle_grid_b,
          hangedman_vaults_stagger, ontoclasm_vaults_idyll, vaults_room_corners,
          layout_vaults_ring
Vaults:3: nicolae_vaults_little_squares_5, nicolae_vaults_diagonal_hallway_8,
          st_greater_box_3, vaults_standard_mumra_x,
          nicolae_vaults_three_branches, nicolae_vaults_little_squares_3,
          vaults_room_large_hall, grunt_vaults_swirl,
          nicolae_vaults_network_periphery, layout_vaults_maze_bifur,
          serial_shops, nicolae_shop_temple_entry_statues_fountains,
          uniq_saint_roka, uniq_margery, uniq_jory
Vaults:4: vaults_room_ringed_pool, nicolae_vaults_what_the_h, vaults_room_grid,
          vaults_mumra_minichess, ontoclasm_vaults_gateway, serial_ice_m,
          nicolae_vaults_asterisk, layout_vaults_big_room, uniq_mennas
Vaults:5
Depths:1: minmay_spiral_squares, layout_basic, minmay_misc_feat_diagonals,
          serial_corexii_hall, chequers_hall_statues_wall_a,
          chequers_hall_statues_y, abyss_entry_small_statue_room,
          nicolae_trove_entry_free_sample, pf_coc_iceberg,
          hangedman_cracks_in_the_wall, serial_bayou_shore_b, uniq_enchantress
Depths:2: hangedman_slaughterboxes, hell_entry, pan_entry, uniq_mara,
          uniq_bai_suzhen
Depths:3: kennysheep_bubbly, layout_gridlike, enter_ziggurat_d, hell_entry,
          abyss_entry, kennysheep_crisscross, minmay_shop_grove, uniq_josephina
Depths:4: grunt_zot_entry_gee_three, layout_basic, hangedman_geh_valley,
          solitary_fountain
Pan:      evilmike_mini_pan_3x3, layout_grid_shapes, pan_blood_fountain_small,
          nicolae_pan_strange_glyphs [nicolae_pan_strange_glyph_envy]

Skill      XL: |  1  2  3  4  5  6  7  8  9 10 11 12 13 14 15 16 17 18 19 20 21 22 23 24 25 26 27 |
---------------+----------------------------------------------------------------------------------+-----
Fighting       | 1 2 3 4 5 6 7 10 12 13 15 17 | 17.2
Spellcasting   | 3 4 6 7 8 9 10 12 13 14 15 | 15.0
Fire Magic     | 1 3 4 5 6 7 8 9 10 11 12 18 | 18.0
Dodging        | 3 4 8 9 10 11 15 16 17 | 17.0
Conjurations   | 6 7 8 9 11 15 16 17 18 19 20 21 23 25 | 25.0
Armour         | 5 7 8 10 14 20 | 20.0
Long Blades    | 3 4 5 11 | 11.8
Hexes          | 3 4 5 |  5.0
Shields        | 5 7 10 11 12 13 | 13.0
Stealth        | 3 4 |  4.0
Air Magic      | 5 9 10 | 10.0
Poison Magic   | 3 |  3.0
Ice Magic      | 4 5 |  5.0
Transmutations | 4 5 6 7 |  7.0
Evocations     | 3 4 7 9 11 12 13 14 | 14.0
Translocations | 3 4 5 |  5.0
Necromancy     | 3 4 10 12 14 18 19 | 19.0
Short Blades   | 2 |  2.8
Summonings     | 11 14 16 17 19 20 | 20.0
Staves         | 1 8 11 12 | 12.0

Action                   |  1- 3 |  4- 6 |  7- 9 | 10-12 | 13-15 | 16-18 | 19-21 | 22-24 | 25-27 || total
-------------------------+-------+-------+-------+-------+-------+-------+-------+-------+-------++-------
Melee: Dagger            |     3 |       |       |       |       |       |       |       |       ||     3
       Peck              |     1 |       |     1 |    18 |    19 |    25 |    48 |    50 |   277 ||   439
       Falchion          |       |     1 |     6 |       |       |       |       |       |       ||     7
       Kick              |       |       |     3 |    30 |    42 |    35 |    74 |    84 |   476 ||   744
       Long sword        |       |       |     1 |    69 |    33 |    32 |     2 |       |     4 ||   141
       Rapier            |       |       |       |    13 |    22 |    23 |     1 |       |       ||    59
       Punch             |       |       |       |     1 |       |       |       |       |       ||     1
       Staff             |       |       |       |       |     9 |    11 |   130 |   128 |   603 ||   881
       Double sword      |       |       |       |       |       |       |       |     6 |    11 ||    17
       Eudemon blade     |       |       |       |       |       |       |       |       |    53 ||    53
Throw: Throwing net      |       |       |       |     2 |       |       |       |       |     1 ||     3
 Cast: Magic Dart        |    37 |    60 |    19 |    28 |       |       |       |       |       ||   144
       Searing Ray       |     6 |    19 |    27 |    37 |    11 |       |       |       |       ||   100
       Foxfire           |     3 |    47 |    70 |    39 |       |       |       |       |       ||   159
       Flame Wave        |       |     2 |    21 |    67 |    18 |     1 |       |       |       ||   109
       Fulminant Prism   |       |       |       |    22 |    56 |    31 |    35 |    20 |    69 ||   233
       Mephitic Cloud    |       |       |       |     8 |     9 |     2 |       |       |       ||    19
       Freezing Cloud    |       |       |       |     8 |   166 |   202 |   114 |   128 |    67 ||   685
       Starburst         |       |       |       |       |    54 |    51 |    20 |    28 |    22 ||   175
       Irradiate         |       |       |       |       |    43 |    45 |    53 |    47 |    86 ||   274
       Orb of Destructio |       |       |       |       |       |   109 |   101 |   149 |   184 ||   543
       Sublimation of Bl |       |       |       |       |       |    31 |    72 |    55 |   123 ||   281
       Blink             |       |       |       |       |       |     2 |     2 |     1 |       ||     5
       Wereblood         |       |       |       |       |       |     2 |     1 |     1 |     1 ||     5
       Spellforged Servi |       |       |       |       |       |       |    37 |    48 |   105 ||   190
       Summon Hydra      |       |       |       |       |       |       |     4 |    18 |     2 ||    24
       Fireball          |       |       |       |       |       |       |       |       |    63 ||    63
       Monstrous Menager |       |       |       |       |       |       |       |       |    82 ||    82
       Dispel Undead     |       |       |       |       |       |       |       |       |     4 ||     4
Invok: Potion Petition   |       |       |       |     1 |     2 |     1 |       |     5 |    24 ||    33
       Call Merchant     |       |       |       |       |     1 |     1 |       |       |     1 ||     3
 Abil: Evoke Invisibilit |       |       |       |       |       |     3 |       |     1 |     2 ||     6
Evoke: Wand              |       |     1 |       |    13 |       |     1 |     1 |     5 |     3 ||    24
       Condenser vane    |       |       |       |       |       |       |       |     1 |     3 ||     4
       Box of beasts     |       |       |       |       |       |       |       |     1 |     1 ||     2
       Phantom mirror    |       |       |       |       |       |       |       |     1 |     1 ||     2
       Tin of tremorston |       |       |       |       |       |       |       |       |     2 ||     2
  Use: Potion            |       |     1 |     2 |     8 |     9 |     4 |     4 |    22 |    26 ||    76
       Scroll            |       |     1 |     4 |    26 |     9 |     7 |     3 |     8 |     9 ||    67
 Stab: Sleeping          |     1 |       |     1 |       |       |       |       |       |       ||     2
       Distracted        |       |       |     1 |     1 |       |     2 |     2 |     1 |    20 ||    27
       Confused          |       |       |       |     5 |       |       |       |       |       ||     5
       Invisible         |       |       |       |       |     4 |       |       |       |     7 ||    11
       Petrified         |       |       |       |       |       |       |       |       |     4 ||     4
       Petrifying        |       |       |       |       |       |       |       |       |     1 ||     1
Armor: Robe              |     3 |     3 |       |       |     1 |       |       |       |       ||     7
       Ring mail         |       |       |    20 |    56 |    37 |    16 |    17 |       |       ||   146
       Chain mail        |       |       |       |       |       |       |       |    48 |    80 ||   128
       Acid dragon scale |       |       |       |       |       |       |       |       |    35 ||    35
Dodge: Dodged            |     5 |     7 |    53 |   174 |   135 |   139 |   107 |   105 |   180 ||   905
       Repelled          |       |       |       |       |       |    14 |     5 |    24 |    12 ||    55
Block: Buckler           |       |       |       |    45 |    69 |    64 |       |    33 |       ||   211
       Kite shield       |       |       |       |       |       |     4 |   152 |   172 |   624 ||   952
       Rpst.: Staff      |       |       |       |       |    21 |     5 |    43 |    57 |   162 ||   288
       Long sword        |       |       |       |       |     2 |     9 |       |       |     3 ||    14
       Rapier            |       |       |       |       |     1 |     6 |       |       |       ||     7
       Double sword      |       |       |       |       |       |       |       |     1 |     5 ||     6
       Eudemon blade     |       |       |       |       |       |       |       |       |    22 ||    22

Table legend: (Time is in decaauts)
 A = Elapsed time spent in this place.
 B = Non-inter-level travel time spent in this place.
 C = Inter-level travel time spent in this place.
 D = Time resting spent in this place.
 E = Time spent auto-exploring this place.
 F = Levels seen in this place.
 G = Mean time per level.
                   A        B        C        D        E       F      G
               +--------+--------+--------+--------+--------+-----+--------+
         Total | 100864 |  95169 |   5695 |  41161 |  33462 |  74 | 1363.0 |
       Dungeon |  21240 |  19053 |   2187 |   8531 |   6519 |  15 | 1416.0 |
        Temple |    473 |    433 |     40 |     64 |    154 |   1 |  473.0 |
          Lair |   9565 |   8126 |   1439 |   3782 |   2839 |   5 | 1913.0 |
        Shoals |   8190 |   8072 |    118 |   3342 |   3457 |   4 | 2047.5 |
     Snake Pit |   7999 |   7578 |    421 |   3349 |   2924 |   4 | 1999.8 |
    Slime Pits |   5323 |   5232 |     91 |   1985 |   2407 |   5 | 1064.6 |
  Orcish Mines |   3834 |   3595 |    239 |   1735 |   1134 |   2 | 1917.0 |
   Elven Halls |   7529 |   7144 |    385 |   3299 |   2315 |   3 | 2509.7 |
        Vaults |  13468 |  12930 |    538 |   5100 |   5388 |   5 | 2693.6 |
        Depths |  12181 |  11948 |    233 |   5699 |   4115 |   4 | 3045.2 |
         Abyss |   2547 |   2547 |      0 |    172 |    214 |   7 |  363.9 |
   Pandemonium |     75 |     75 |      0 |      7 |      0 |   1 |   75.0 |
      Ziggurat |   5364 |   5364 |      0 |   2816 |   1368 |  15 |  357.6 |
      Ice Cave |   2186 |   2186 |      0 |    978 |    620 |   1 | 2186.0 |
       Volcano |    198 |    198 |      0 |      0 |      0 |   1 |  198.0 |
      Gauntlet |    684 |    684 |      0 |    296 |      0 |   1 |  684.0 |
               +--------+--------+--------+--------+--------+-----+--------+

Top non-repeatable levels by time:
Depths:2: 4510 daAuts
Vaults:2: 3886 daAuts
Vaults:3: 3626 daAuts
Depths:1: 3348 daAuts
  Lair:5: 3318 daAuts
Shoals:4: 3079 daAuts
   Elf:3: 3062 daAuts
   Elf:2: 2718 daAuts
Depths:3: 2660 daAuts
 Snake:4: 2612 daAuts
Vaults:5: 2352 daAuts
    D:15: 2332 daAuts
 Snake:2: 2279 daAuts
Shoals:1: 2215 daAuts
   IceCv: 2186 daAuts
